 Dungeon Crawl Stone Soup version 0.18-a0-750-g37044d6 (webtiles) character file.

268158 ventricule the Executioner (level 19, -1/265 HPs)
             Began as a Minotaur Berserker on Dec 11, 2015.
             Was the Champion of Trog.
             Slain by a juggernaut (6 damage)
             ... on level 3 of the Depths.
             The game lasted 01:07:13 (36252 turns).

ventricule the Executioner (Minotaur Berserker)    Turns: 36252, Time: 01:07:16

Health: -1/265     AC: 28    Str: 26    XL:     19   Next: 37%
Magic:  31/31      EV: 14    Int:  9    God:    Trog [******]
Gold:   4297       SH:  0    Dex: 13    Spells: 0 memorised, 18 levels left

rFire  . . .     SeeInvis +     D - +5 executioner's axe (flame)
rCold  . . .     Clarity  +     d - +4 plate armour {rPois}
rNeg   . . .     SustAt   .     (shield currently unavailable)
rPois  +         Gourm    .     H - +1 hat
rElec  +         Spirit   .     Y - +0 cloak {rPois}
rCorr  .         Dismiss  .     Q - +2 pair of gloves of Repulsion {rElec Int+4 Dex-5}
rMut   .         Rnd*Tele +     (no boots)
MR     +++..                    r - amulet of clarity
Stlth  ..........               I - ring "Fiej" {+/*Tele rPois MP+9 Slay+5 SInv}
                                F - +4 ring of slaying

@: berserking (expiring), lethally poisoned (-1 -> -1), regenerating, very
quick, extremely resistant to hostile enchantments, extremely unstealthy
A: retaliatory headbutt, horns 2
a: Berserk, Trog's Hand, Brothers in Arms, Burn Spellbooks, Renounce Religion,
Evoke Teleportation
}: 2/15 runes: decaying, gossamer


You were on level 3 of the Depths.
You worshipped Trog.
Trog was exalted by your worship.
You were hungry.

You visited 6 branches of the dungeon, and saw 38 of its levels.
You also visited: Labyrinth, Bailey and Ice Cave.

You collected 4751 gold pieces.
You spent 454 gold pieces at shops.


Innate Abilities, Weirdness & Mutations

You reflexively headbutt those who attack you in melee.
You have a pair of horns on your head.


   Skills:
 + Level 17.4 Fighting
 - Level 26.1 Axes
 + Level 18.2 Armour
 + Level 13.7 Dodging
 - Level 5.9 Evocations


You had 18 spell levels left.
You didn't know any spells.

Inventory:

Hand Weapons
 D - a +5 executioner's axe of flaming (weapon)
 E - a +2 executioner's axe of protection
Armour
 d - a +4 plate armour of poison resistance (worn)
 H - a +1 hat (worn)
 Q - the +2 pair of gloves of Repulsion (worn) {rElec Int+4 Dex-5}

   It affects your intelligence (+4).
   It affects your dexterity (-5).
   It insulates you from electricity.
 Y - a +0 cloak of poison resistance (worn)
Jewellery
 a - an uncursed ring of protection from cold
 i - an uncursed amulet of the gourmand
 o - the ring "Xeozaff" {rN++ MP+9 Str-3 Stlth-}

   [ring of loudness]

   It affects your strength (-3).
   It greatly protects you from negative energy.
   It affects your magic capacity (+9).
   It makes you less stealthy.
 r - an amulet of clarity (around neck)
 s - an uncursed ring of fire
 F - a +4 ring of slaying (left hand)
 I - the ring "Fiej" (right hand) {+/*Tele rPois MP+9 Slay+5 SInv}

   [ring of teleportation]

   It may teleport you next to monsters, and can be evoked to randomly teleport.
   It affects your accuracy and damage with ranged weapons and melee attacks
   (+5).
   It protects you from poison.
   It affects your magic capacity (+9).
   It lets you see invisible.
 L - an uncursed ring of positive energy
 T - an uncursed ring of sustain attributes
 Z - an uncursed ring of flight
Wands
 b - a wand of polymorph (14)
 k - a wand of digging (8)
 A - a wand of disintegration (10)
 C - a wand of cold (10)
 X - a wand of teleportation (4) {!d@v4}
Scrolls
 j - 2 scrolls of fear
 n - 11 scrolls of identify {@r1}
 p - a scroll of brand weapon
 u - a scroll of fog
 v - a scroll of blinking
 w - 7 scrolls of remove curse
 x - 11 scrolls of teleportation {@r4}
 y - 7 scrolls of enchant armour
 B - 2 scrolls of vulnerability {!r}
 G - 2 scrolls of holy word
 K - 2 scrolls of immolation {!r}
 M - 2 scrolls of magic mapping
 P - 6 scrolls of recharging
 U - a scroll of silence {!r}
Potions
 e - 10 potions of curing {@q1}
 g - 4 potions of haste {@q3}
 h - 7 potions of brilliance
 l - 9 potions of resistance
 q - 4 potions of lignification {!q}
 t - 9 potions of might
 N - 3 potions of cancellation
 O - a potion of heal wounds {@q2}
 R - 3 potions of berserk rage {!q}
 S - 6 potions of agility
Comestibles
 c - 20 bread rations
 f - 11 meat rations
 m - 5 chunks of flesh

Dungeon Overview and Level Annotations

Branches:
Dungeon (15/15)            Temple (0/1) D:4            Lair (8/8) D:10
  Swamp (4/4) Lair:4       Spider (4/4) Lair:4        Slime (0/6) Lair:6
    Orc (4/4) D:11            Elf (0/3) Orc:3        Vaults (0/5) D:13
 Depths (3/5) D:15

Altars:
Cheibriados
Gozag
Kikubaaqudgha
Nemelex Xobeh
Pakellas
Qazlal
Sif Muna
Xom

Shops:
D:6 (   D:8 %%   D:13 *   D:14 }%:!   Orc:4 [*=(*   Depths:2 *

Portals:
Hell: Depths:1 Depths:2 Depths:3
Ziggurat: Depths:1
Trove: Depths:1 (give 21 scrolls of identify)

▒+░░░,░░░░,,,░░
▒,░,,,,░,,,,,,░░░░░
▒,░░,,,░,,,,,,,,,,░
▒,,░+░░░░,,▒▒▒▒▒░░░░░░░░
▒,,+,,,,░░,▒....,,,,,,,░░░
▒,,░,,,,,+,▒...i,,,,,,,+,░
▒,,░,,,,,░░▒....,,,,,,,░,░
▒,░░░+░░░▒▒▒...T▒▒▒▒,,,░,░░░░░░░░
▒,░░,,,,,......TH..▒,,,░+,,,,,,,░
▒,░░,,,,,(....C▒C).▒,,,░░,,,,,,,,
▒░░░,,,,,.....,▒...▒,,,░,,,,,,,,,
▒+,░,,,░░▒▒▒▒░+▒.......▒░░░░,,,,,
▒░,░,,,░,,,,,,,..8......,,,░,,,,,
▒,,░,,,░,,,,8,...J.▒.?c.,,,░,,,░░
+,,░,,,░,,,,,..?.J.+....,,,░,,░░,
▒░,░,,,░░░+░..(£J..▒░▒▒▒,,,░,,░,,
,░░░,,,,,,,▒...%....,,,░,,,░░+░+░


You could see a juggernaut, a titan, 3 slime creatures, a centaur warrior, a
deep troll, a spriggan air mage and a deep troll shaman.


Message History

You slash the deep troll! You burn the deep troll.
The deep troll is moderately wounded.
The centaur warrior shoots an arrow.
The arrow misses you.
A slime creature comes into view.
Unknown command.
The slime creature quivers.
You open the air elemental like a pillowcase!!!
You burn the air elemental!
You destroy the air elemental!
You slice the deep troll!! You burn the deep troll!
You kill the deep troll!
Trog accepts your kill.
You slash the deep troll! You burn the deep troll.
The deep troll is heavily wounded.
You feel sick.
The centaur warrior shoots an arrow.
The arrow hits you but does no damage.
You slice the deep troll!! You burn the deep troll!
You kill the deep troll!
Trog accepts your kill.
A slime creature comes into view.
Unknown command.
You slash the deep troll shaman! You burn the deep troll shaman.
Your headbutt misses the deep troll shaman.
The deep troll shaman is moderately wounded.
You slice the deep troll!! You burn the deep troll!
The deep troll is heavily wounded.
You closely miss the juggernaut.
You feel sick. The juggernaut hits you!
* * * LOW HITPOINT WARNING * * *
The juggernaut hits you.
You die...

Action                   |  1- 3 |  4- 6 |  7- 9 | 10-12 | 13-15 | 16-18 | 19-21 || total
-------------------------+-------+-------+-------+-------+-------+-------+-------++-------
Melee: Hand axe          |    76 |   131 |   364 |     5 |       |       |       ||   576
       War axe           |       |       |       |    51 |       |       |       ||    51
       Battleaxe         |       |       |       |   458 |   386 |       |       ||   844
       Executioner's axe |       |       |       |       |   436 |  1117 |   102 ||  1655
Invok: Berserk           |       |     2 |     5 |     5 |     6 |     9 |     2 ||    29
       Trog's Hand       |       |       |     1 |       |     6 |     6 |     1 ||    14
       Brothers in Arms  |       |       |       |       |     2 |     1 |       ||     3
 Abil: Evoke Flight      |       |       |       |       |     1 |     1 |       ||     2
  Use: Scroll            |       |     8 |     5 |    10 |    17 |     8 |     1 ||    49
       Potion            |       |       |     1 |     2 |     3 |     8 |       ||    14
 Stab: Confused          |       |       |       |       |       |     2 |       ||     2
  Eat: Chunk             |     1 |     7 |    17 |    22 |    23 |    33 |     4 ||   107
       Meat ration       |       |     1 |     2 |     1 |     2 |     4 |       ||    10
       Royal jelly       |       |       |       |       |     1 |     1 |       ||     2

Vault maps used:
D:1:      dpeg_arrival_tiny_c
D:2:      first_bread
D:3:      nicolae_overflow_crystal_walls, minmay_misc_feat_iff, xom_redecorated
D:4:      overflow_temple_1_default, minmay_temple_entry_overgrown, st_stairs_12
D:6:      lemuel_insect_pit, grunt_temple_overflow_open, serial_shops,
          nicolae_shop_stone, uniq_menkaure
D:7:      basic_altar, uniq_prince_ribbit1
D:8:      serial_shops, shop, kennysheep_mini_moat
D:9:      enter_bailey_2, uniq_gastronok, uniq_erolcha
D:10:     david_lair_generic, uniq_maud
D:11:     kennysheep_orc_monster_closet_entryway, grunt_pakellas_salt
D:12:     minmay_misc_feat_plants
D:13:     hangedman_vaults_entry_quadrant_bands, serial_shops, shop,
          hangedman_fish_farm
D:14:     serial_shops, nicolae_shop_stone, shop, shop_statue, shop, tgw_sif,
          uniq_sonja
D:15:     grunt_enter_depths_snipers, minmay_misc_feat_x
Lair:1:   wad_woods_structure_01, patterned_corridor
Lair:2:   st_stairs_8, worms_lemuel
Lair:3:   beast_lair_carwin_large_3, lab_entry_generic
Lair:4:   swamp_mist_pool, spider_nest_entry_rubble, serial_bayou_ford_a,
          forest_entry_grove
Lair:5:   bobbens_dragon_lair_wall
Lair:6:   minmay_slime_entry_pillars, grunt_megastairs_5
Lair:7:   erik_1
Lair:8:   minmay_lair_end_enchanted_forest, serial_bayou_pond_d,
          serial_bayou_lagoon_b, infiniplex_staircase_pool_2,
          serial_bayou_shore_b
Swamp:1:  infiniplex_staircase_pool, swamp_pool5, water_boxes_lemuel,
          uniq_nikola
Swamp:2:  evilmike_swamp_ruin_house_1
Swamp:3:  hangedman_swamp_cone, swamp_pool3, uniq_jorgrun
Swamp:4:  swamp, swamp_pool2, nicolae_swamp_spriggan_camp
Spider:3: uniq_arachne
Spider:4: guppyfry_spider_rune
Orc:1:    rock_pile
Orc:2:    portal_ice_cave_entry_pillars_02, uniq_urug, uniq_harold
Orc:3:    nicolae_orc_pool_cavern, mines2_lemuel
Orc:4:    grunt_orc_gardens, grunt_orc_garden, grunt_orc_garden,
          grunt_orc_garden, grunt_orc_garden, serial_shops, shop,
          minmay_orc_treasury
Depths:1: enter_ziggurat_f, nemelex_xobeh_ov_fountains_minmay,
          nicolae_trove_entry_columns, hell_entry, lightli_fourway_metalbox,
          kennysheep_random_hallway, uniq_mara
Depths:2: cheibrodos_birdhouse, grunt_decor_fettered, serial_shops,
          shop_fountains, hell_entry
Depths:3: kennysheep_blocky_room, mu_enter_wizlab_4, columned_hall_lemuel,
          grunt_hell_entry_dis_mu, pan_entry, serial_bayou_shore_b,
          infiniplex_staircase_diamond
Lab:      labyrinth_watery, nicolae_lab_checkerboard,
          labyrinth_skeletal_remains, nicolae_lab_statue, nicolae_lab_lava,
          nicolae_lab_quarters, lab_statue
Bailey:   bailey_polearm_1, bailey
IceCv:    ice_cave_small_dragons

Notes
Turn   | Place    | Note
--------------------------------------------------------------
     0 | D:1      | ventricule the Minotaur Berserker began the quest for the Orb.
     0 | D:1      | Reached XP level 1. HP: 19/19 MP: 0/0
    32 | D:1      | Reached skill level 4 in Axes
   141 | D:1      | Reached XP level 2. HP: 26/26 MP: 1/1
   412 | D:1      | Reached skill level 5 in Axes
   569 | D:2      | Reached ** piety under Trog
   597 | D:2      | Reached XP level 3. HP: 31/31 MP: 2/2
  1193 | D:3      | Found a shimmering altar of Xom.
  1198 | D:3      | Found a shimmering altar of Xom.
  1198 | D:3      | Found a shimmering altar of Xom.
  1198 | D:3      | Found a shimmering altar of Xom.
  1198 | D:3      | Found a shimmering altar of Xom.
  1199 | D:3      | Found a shimmering altar of Xom.
  1199 | D:3      | Found a shimmering altar of Xom.
  1224 | D:3      | Reached XP level 4. HP: 39/39 MP: 3/3
  1321 | D:3      | Reached skill level 6 in Axes
  1443 | D:3      | Found a snail-covered altar of Cheibriados.
  1504 | D:3      | Reached *** piety under Trog
  1914 | D:4      | Reached XP level 5. HP: 36/45 MP: 4/4
  2047 | D:4      | Reached skill level 7 in Axes
  2178 | D:4      | Found a staircase to the Ecumenical Temple.
  2276 | D:4      | Found a stormy altar of Qazlal.
  2446 | D:5      | Entered Level 5 of the Dungeon
  2602 | D:5      | Noticed a phantom
  2634 | D:5      | Killed a phantom
  2634 | D:5      | Reached skill level 8 in Axes
  2634 | D:5      | Reached XP level 6. HP: 18/51 MP: 5/5
  2787 | D:5      | HP: 4/76 [orc/trident (8)]
  2995 | D:5      | Reached skill level 9 in Axes
  3471 | D:5      | Reached XP level 7. HP: 26/57 MP: 6/6
  3747 | D:5      | Reached skill level 10 in Axes
  4333 | D:5      | Reached **** piety under Trog
  4568 | D:6      | Found Ixkihote's Antique Weapon Shop.
  4580 | D:6      | Reached skill level 11 in Axes
  4759 | D:6      | Noticed Menkaure
  4766 | D:6      | Killed Menkaure
  4766 | D:6      | Reached XP level 8. HP: 40/62 MP: 7/7
  4892 | D:6      | Found a shimmering altar of Xom.
  4892 | D:6      | Found an ancient bone altar of Kikubaaqudgha.
  5240 | D:6      | Found a runed door.
  5357 | D:6      | Reached skill level 12 in Axes
  5645 | D:6      | Found a runed door.
  5767 | D:7      | Noticed Prince Ribbit
  5797 | D:7      | Killed Prince Ribbit
  5797 | D:7      | Reached skill level 13 in Axes
  6220 | D:7      | Reached skill level 3 in Armour
  6255 | D:7      | Reached XP level 9. HP: 61/68 MP: 8/8
  6271 | D:7      | Reached skill level 4 in Armour
  6588 | D:7      | Reached skill level 14 in Axes
  6608 | D:7      | Reached skill level 5 in Armour
  6715 | D:7      | Found an opulent altar of Gozag.
  6755 | D:7      | Reached skill level 6 in Armour
  6924 | D:8      | Reached skill level 7 in Armour
  6933 | D:8      | Reached ***** piety under Trog
  6937 | D:8      | Reached skill level 4 in Fighting
  6968 | D:8      | Reached skill level 3 in Dodging
  7107 | D:8      | Found Itim Moe's Food Shop.
  7165 | D:8      | Reached XP level 10. HP: 64/78 MP: 9/9
  7182 | D:8      | Found Utyrhill's Food Shop.
  7256 | D:8      | Got a faintly glowing iron ring
  7290 | D:8      | Identified the ring "Fiej" {+/*Tele rPois MP+9 Slay+5 SInv} (You found it on level 8 of the Dungeon)
  7553 | D:9      | Reached skill level 5 in Fighting
  7553 | D:9      | Reached skill level 4 in Dodging
  7556 | D:9      | Reached skill level 8 in Armour
  7564 | D:9      | Noticed Gastronok
  7574 | D:9      | Killed Gastronok
  7574 | D:9      | Reached skill level 6 in Fighting
  7574 | D:9      | Reached skill level 9 in Armour
  7574 | D:9      | Reached skill level 5 in Dodging
  7806 | D:9      | Reached skill level 6 in Dodging
  7870 | D:9      | Found a flagged portal.
  7876 | Bailey   | Entered a bailey
  8008 | Bailey   | Noticed an orc knight
  8016 | Bailey   | Killed an orc knight
  8016 | Bailey   | Reached skill level 15 in Axes
  8647 | D:9      | Noticed Erolcha
  8656 | D:9      | Killed Erolcha
  8656 | D:9      | Reached XP level 11. HP: 89/89 MP: 10/10
  8733 | D:9      | Reached skill level 16 in Axes
  9244 | D:10     | Entered Level 10 of the Dungeon
  9345 | D:10     | Found a staircase to the Lair.
  9350 | D:10     | Received a gift from Trog
  9355 | D:10     | Reached skill level 17 in Axes
  9387 | D:10     | Noticed Maud
  9398 | D:10     | Killed Maud
  9558 | D:10     | Identified a scroll of acquirement
  9561 | D:10     | Got a pair of twisted gloves
  9572 | D:10     | Identified the +2 pair of gloves of Repulsion {rElec Int+4 Dex-5} (You acquired it on level 10 of the Dungeon)
  9650 | D:10     | You fall through a shaft for 3 floors!
  9660 | D:13     | Noticed a centaur warrior
  9673 | D:13     | Killed a centaur warrior
  9699 | D:13     | Reached skill level 18 in Axes
  9843 | D:12     | Noticed an eight-headed hydra
  9851 | D:11     | Noticed a hill giant
  9862 | D:11     | Killed a hill giant
  9862 | D:11     | Reached XP level 12. HP: 36/95 MP: 11/11
 10273 | D:11     | Reached skill level 19 in Axes
 10482 | D:11     | Found a staircase to the Orcish Mines.
 10513 | D:11     | Reached ****** piety under Trog
 10566 | D:11     | Received a gift from Trog
 10820 | D:11     | Found an oddly glowing altar of Pakellas.
 11411 | Lair:1   | Entered Level 1 of the Lair of Beasts
 11924 | Lair:1   | Reached skill level 20 in Axes
 11976 | Lair:1   | Identified 4 potions of resistance
 12182 | Lair:2   | Identified a wand of teleportation
 12556 | Lair:2   | Received a gift from Trog
 12906 | Lair:2   | Reached skill level 21 in Axes
 13226 | Lair:3   | Reached XP level 13. HP: 97/102 MP: 12/12
 13343 | Lair:3   | Found a labyrinth entrance.
 13370 | Lab      | Entered a labyrinth
 14461 | Lair:4   | Reached skill level 22 in Axes
 14598 | Lair:4   | Found a staircase to the Swamp.
 14818 | Lair:4   | Found a hole to the Spider Nest.
 14823 | Lair:4   | Reached skill level 7 in Fighting
 14934 | Lair:4   | Received a gift from Trog
 15475 | Lair:5   | Reached skill level 7 in Dodging
 15509 | Lair:5   | Reached skill level 8 in Fighting
 15516 | Lair:5   | Reached skill level 10 in Armour
 16087 | Lair:6   | Found a staircase to the Slime Pits.
 16336 | Lair:6   | Reached XP level 14. HP: 114/114 MP: 13/13
 16338 | Lair:6   | Reached skill level 9 in Fighting
 16341 | Lair:6   | Reached skill level 8 in Dodging
 16486 | Lair:6   | Reached skill level 11 in Armour
 17092 | Lair:7   | Received a gift from Trog
 17097 | Lair:7   | Reached skill level 10 in Fighting
 17142 | Lair:7   | Reached skill level 9 in Dodging
 17538 | Lair:7   | Noticed Sigmund
 17540 | Lair:7   | Noticed Psyche
 17557 | Lair:7   | Killed Psyche
 17557 | Lair:7   | Received a gift from Trog
 17560 | Lair:7   | Killed Sigmund
 17930 | Lair:8   | Entered Level 8 of the Lair of Beasts
 18260 | Lair:8   | Reached skill level 23 in Axes
 18477 | Lair:8   | Received a gift from Trog
 18818 | Lair:8   | Reached XP level 15. HP: 112/125 MP: 14/14
 19060 | Spider:1 | Entered Level 1 of the Spider Nest
 19187 | Spider:1 | Received a gift from Trog
 19190 | Spider:1 | Reached skill level 24 in Axes
 20888 | Spider:3 | Received a gift from Trog
 21318 | Spider:3 | Noticed Arachne
 21331 | Spider:3 | Killed Arachne
 21331 | Spider:3 | Reached skill level 25 in Axes
 21331 | Spider:3 | Reached skill level 12 in Armour
 22098 | Spider:4 | Entered Level 4 of the Spider Nest
 22113 | Spider:4 | Reached skill level 11 in Fighting
 22266 | Spider:4 | Received a gift from Trog
 22300 | Spider:4 | Reached XP level 16. HP: 65/138 MP: 12/15
 22313 | Spider:4 | Reached skill level 13 in Armour
 22314 | Spider:4 | HP: 11/207 [emperor scorpion (13)]
 22326 | Spider:4 | HP: 11/138 [emperor scorpion (6)]
 22326 | Spider:4 | HP: 5/138 [emperor scorpion (6)]
 22851 | Spider:4 | Reached skill level 12 in Fighting
 23067 | Spider:4 | Got a gossamer rune of Zot
 23271 | Lair:1   | Received a gift from Trog
 23400 | Orc:1    | Entered Level 1 of the Orcish Mines
 23574 | Orc:2    | Noticed Harold
 23580 | Orc:2    | Noticed Urug
 23582 | Orc:2    | Killed Harold
 23589 | Orc:2    | Killed Urug
 23625 | Orc:2    | Found a frozen archway.
 23636 | IceCv    | Entered an ice cave
 24483 | Orc:3    | Received a gift from Trog
 24778 | Orc:3    | Found a staircase to the Elven Halls.
 25064 | Orc:4    | Entered Level 4 of the Orcish Mines
 25071 | Orc:4    | Found Nevvyclu's Jewellery Shoppe.
 25075 | Orc:4    | Received a gift from Trog
 25097 | Orc:4    | Reached skill level 14 in Armour
 25126 | Orc:4    | Found Afabez's General Store.
 25128 | Orc:4    | Reached skill level 13 in Fighting
 25173 | Orc:4    | Found Ifucryge's General Store.
 25283 | Orc:4    | Found Owaycweng's Antique Weapon Boutique.
 25335 | Orc:4    | Bought an ichor-stained war axe for 204 gold pieces
 25335 | Orc:4    | Identified the +4 war axe of Paotonih {chop, rElec rC- rN+ SInv} (You bought it in a shop on level 4 of the Orcish Mines)
 25373 | Orc:4    | Found Zawaz's Antique Armour Emporium.
 25577 | Orc:4    | Bought a runed cloak for 166 gold pieces
 25715 | Orc:4    | Received a gift from Trog
 26187 | Orc:4    | Got a coiled lapis lazuli ring
 26189 | Orc:4    | Identified the ring "Xeozaff" {rN++ MP+9 Str-3 Stlth-} (You found it on level 4 of the Orcish Mines)
 26903 | D:13     | Reached skill level 26 in Axes
 26952 | D:13     | Reached XP level 17. HP: 95/151 MP: 16/16
 27356 | D:13     | Reached skill level 14 in Fighting
 27387 | D:13     | Found Zitiel's General Store.
 27395 | D:13     | Bought 3 scrolls of identify for 84 gold pieces
 27543 | D:13     | Found a gate to the Vaults.
 27696 | D:14     | Found Neimnat's Food Boutique.
 27709 | D:14     | Noticed Sonja
 27716 | D:14     | Killed Sonja
 27716 | D:14     | Reached skill level 15 in Armour
 27825 | D:14     | Noticed ventricule's ghost (journeyman MiBe)
 27827 | D:14     | Noticed Blork the orc
 27836 | D:14     | Killed ventricule's ghost
 28234 | D:14     | Found Remeisuir's Book Boutique.
 28247 | D:14     | Found Tifupsoi's Distillery.
 28415 | D:14     | Found Sekhlyh's Gadget Boutique.
 28519 | D:14     | Killed Blork the orc
 28521 | D:14     | Found a deep blue altar of Sif Muna.
 28591 | D:15     | Entered Level 15 of the Dungeon
 28606 | D:15     | Received a gift from Trog
 29106 | D:15     | Found a staircase to the Depths.
 29555 | Swamp:1  | Entered Level 1 of the Swamp
 29713 | Swamp:2  | Reached skill level 10 in Dodging
 30112 | Swamp:2  | You fall through a shaft!
 30411 | Swamp:3  | Noticed Jorgrun
 30420 | Swamp:3  | Killed Jorgrun
 30426 | Swamp:3  | Received a gift from Trog
 30428 | Swamp:3  | Reached skill level 15 in Fighting
 30736 | Swamp:4  | Entered Level 4 of the Swamp
 30748 | Swamp:4  | Reached skill level 16 in Armour
 30911 | Swamp:4  | Reached skill level 11 in Dodging
 31194 | Swamp:4  | Got a decaying rune of Zot
 31298 | Swamp:1  | Received a gift from Trog
 31299 | Swamp:1  | Reached XP level 18. HP: 165/165 MP: 17/17
 31681 | Swamp:1  | Noticed Nikola
 31696 | Swamp:1  | Killed Nikola
 32027 | Depths:1 | Entered Level 1 of the Depths
 32051 | Depths:1 | Reached skill level 16 in Fighting
 32062 | Depths:1 | Reached skill level 12 in Dodging
 32096 | Depths:1 | Noticed Mara
 32103 | Depths:1 | Killed Mara
 32103 | Depths:1 | Reached skill level 17 in Armour
 32756 | Depths:1 | Found a sparkling altar of Nemelex Xobeh.
 32818 | Depths:1 | Reached skill level 1 in Evocations
 32831 | Depths:1 | Found a gateway to a ziggurat.
 32833 | Depths:1 | Reached skill level 2 in Evocations
 33028 | Depths:1 | Reached skill level 3 in Evocations
 33045 | Depths:1 | Received a gift from Trog
 33192 | Depths:1 | Reached skill level 4 in Evocations
 33277 | Depths:1 | Found a gateway to Hell.
 33297 | Depths:1 | Found a portal to a secret trove of treasure.
 33358 | Depths:1 | Reached skill level 5 in Evocations
 35053 | Depths:2 | Found Genadik's General Store.
 35063 | Depths:2 | Reached skill level 13 in Dodging
 35066 | Depths:2 | Reached XP level 19. HP: 135/174 MP: 22/22
 35326 | Depths:2 | Reached skill level 17 in Fighting
 36020 | Depths:3 | Reached skill level 18 in Armour
 36205 | Depths:3 | Received a gift from Trog
 36241 | Depths:3 | Noticed a juggernaut
 36242 | Depths:3 | HP: 21/265 [frost giant/battleaxe of freezing (7)]
 36247 | Depths:3 | HP: 20/265 [poisoned by a tengu reaver (bolt of poison)]
 36252 | Depths:3 | HP: 21/265 [poisoned by a tengu reaver (bolt of poison)]
 36252 | Depths:3 | HP: 5/265 [juggernaut (16)]
 36252 | Depths:3 | Slain by a juggernaut

Vanquished Creatures
  Mara (Depths:1)
  Nikola (Swamp:1)
  Arachne (Spider:3)
  Jorgrun (Swamp:3)
  Gastronok (D:9)
  3 thorn hunters
  3 tengu reavers
  3 fire giants
  The ghost of ventricule the Severer, a journeyman MiBe of Trog (D:14)
  4 ghost moths (Spider:4)
  2 frost giants
  Maud (D:10)
  3 orc warlords (Orc:4)
  6 emperor scorpions
  2 spriggan defenders (Depths:3)
  7 very ugly things
  8 stone giants
  3 spark wasps
  3 ettins (Depths:1)
  7 entropy weavers
  2 great orbs of eyes
  2 fire dragons
  2 yaktaur captains
  A minotaur (Lab)
  Harold (Orc:2)
  7 centaur warriors
  4 rakshasas
  6 ice dragons
  21 hydras
  3 alligators
  Erolcha (D:9)
  2 ogre magi
  A vampire mage (Depths:1)
  3 deep troll shamans
  4 deep troll earth magi
  14 death yaks
  5 orc high priests (Orc:4)
  6 tengu warriors
  Urug (Orc:2)
  A titan zombie (Depths:1)
  An iron troll (Depths:2)
  Sonja (D:14)
  A skeletal warrior (D:13)
  An unseen horror (D:14)
  9 deep trolls
  10 swamp dragons
  A shambling mangrove (Swamp:3)
  3 giant orange brains
  7 orb spiders
  A wizard (D:15)
  A necromancer (Depths:1)
  A lindwurm (shapeshifter) (Depths:2)
  6 orc knights
  2 manticores
  6 hill giants
  A wolf spider zombie (D:15)
  22 wolf spiders
  8 hornets
  19 ugly things
  5 orc sorcerers (Orc:4)
  3 cyclopes
  11 elephants
  8 black mambas
  A spiny frog (shapeshifter) (Depths:3)
  Psyche (Lair:7)
  A torpor snail (Spider:3)
  2 ice statues (IceCv)
  2 gargoyles (Lab)
  15 spiny frogs
  7 centaur skeletons
  A kobold demonologist (D:15)
  9 demonic crawlers
  3 tengu conjurers
  12 yaktaurs
  3 fire drakes
  A merfolk (shapeshifter) (Depths:2)
  5 two-headed ogres
  A yaktaur skeleton (Depths:1)
  4 spriggan druids
  9 komodo dragons
  13 trolls
  A merfolk (D:13)
  12 polar bears
  11 blink frogs
  A wind drake (shapeshifter) (D:13)
  8 giant leeches
  Prince Ribbit (D:7)
  5 bog bodies
  10 slime creatures
  15 jumping spiders
  3 boulder beetles
  4 deep elf magi
  18 spriggans
  2 shadows
  A water elemental (Depths:1)
  Sigmund (Lair:7)
  A fire dragon skeleton (Depths:1)
  2 wraiths
  A human (shapeshifter) (D:14)
  70 yaks
  3 air elementals (Depths:3)
  8 trapdoor spiders
  17 tarantellas
  47 redbacks
  A vampire (D:15)
  4 wyverns
  7 basilisks
  5 hungry ghosts
  5 humans (Lair:7)
  20 hippogriffs
  9 vampire mosquitoes
  Menkaure (D:6)
  4 wargs
  27 swamp worms
  14 insubstantial wisps
  4 mottled dragons
  7 water moccasins
  35 wolves
  16 wasps
  13 black bears
  16 ice beasts
  10 porcupines
  A phantom (D:5)
  An eye of draining (D:13)
  44 orc warriors
  17 swamp drakes
  4 necrophages
  A boggart (D:13)
  An ogre (shapeshifter) (Depths:2)
  19 ogres
  15 crocodiles
  5 centaurs
  8 big kobolds
  20 giant frogs
  Blork the orc (D:14)
  2 gnoll sergeants (D:11)
  A wyvern skeleton (D:13)
  4 scorpions
  8 wights
  21 killer bees
  3 electric eels
  5 crimson imps
  A wasp zombie (D:7)
  A giant frog zombie (D:13)
  2 quasits (D:9)
  3 centaur zombies
  9 jellies
  18 orc priests
  15 hounds
  11 iguanas
  29 orc wizards
  4 giant frog skeletons
  20 sheep
  14 worker ants
  A hound skeleton (D:6)
  7 adders
  13 gnolls
  43 river rats
  6 shadow imps
  4 oozes
  An adder skeleton (D:9)
  14 worms
  4 giant geckos
  186 orcs
  3 ball pythons
  4 bats
  6 goblins
  7 hobgoblins
  13 giant cockroaches
  A giant gecko skeleton (D:5)
  A giant gecko zombie (D:6)
  4 giant newts
  5 jackals
  6 kobolds
  9 quokkas
  A quokka skeleton (D:4)
  4 rats
  3 briar patches (Swamp:4)
  2 butterflies (D:6)
  17 fungi
  12 plants
1491 creatures vanquished.

Vanquished Creatures (collateral kills)
  4 orb spiders (Spider:4)
  2 demonic crawlers (Spider:4)
  A jumping spider (Spider:4)
  A troll (Orc:4)
  4 orc warriors (Orc:4)
  2 electric eels (Spider:4)
  An orc priest (Orc:4)
15 creatures vanquished.

Vanquished Creatures (others)
  A giant leech (Swamp:2)
  A trapdoor spider (Spider:4)
  An orc warrior (Orc:4)
  An orc (D:9)
  A briar patch (Swamp:4)
  6 fungi
  3 plants
14 creatures vanquished.

Grand Total: 1520 creatures vanquished
